[Event "DPEM German Cup 2024"]
[Site "Bad Wildungen"]
[Date "2024.08.02"]
[Round "4.2"]
[White "Ehmann, Thilo"]
[Black "Khachatryan, Taron"]
[Result "1/2-1/2"]
[Annotator "ChessBase"]
[ECO "C77"]
[WhiteElo "2341"]
[BlackElo "2221"]
[PlyCount "39"]
[EventDate "2024.07.31"]
[EventCountry "GER"]
[SourceTitle "playchess.com"]
[Source "ChessBase"]
[SourceQuality "1"]
[TimeControl "40/5400+30:900+30"]

1. e4 e5 2. Nf3 Nc6 3. Bb5 a6 4. Ba4 b5 5. Bb3 Nf6 6. d4 Qe7 7. O-O d6 8. Bd5 Bb7 9. a4 b4 10. c3 Rb8 11. Bd2 g6 12. cxb4 Nxd4 13. Nxd4 exd4 14. Qf3 c6 15. Bg5 Bg7 16. e5 dxe5 17. Bxc6+ Bxc6 18. Qxc6+ Qd7 19. Qxa6 Qe7 20. Qc6+ 1/2-1/2

[Event "DPEM German Cup 2024"]
[Site "Bad Wildungen"]
[Date "2024.08.02"]
[Round "4.3"]
[White "Strache, Michael"]
[Black "Cofmann, Veaceslav"]
[Result "1/2-1/2"]
[Annotator "ChessBase"]
[ECO "A25"]
[WhiteElo "2228"]
[BlackElo "2245"]
[PlyCount "105"]
[EventDate "2024.07.31"]
[EventCountry "GER"]
[SourceTitle "playchess.com"]
[Source "ChessBase"]
[SourceQuality "1"]
[TimeControl "40/5400+30:900+30"]

1. g3 e5 2. Bg2 Nc6 3. c4 Nf6 4. Nc3 Bc5 5. e3 Nb4 6. d3 d6 7. a3 Nc6 8. Na4 Bb6 9. Ne2 Ne7 10. O-O c6 11. Nxb6 Qxb6 12. e4 h6 13. h3 d5 14. Be3 d4 15. Bd2 a5 16. b4 a4 17. f4 Ng6 18. Be1 O-O 19. Bf2 Rd8 20. Qd2 c5 21. Rab1 Qc7 22. bxc5 Nd7 23. Rb5 Nxc5 24. f5 Nf8 25. Rfb1 f6 26. Nc1 Bd7 27. R5b2 Bc6 28. Na2 Nb3 29. Qd1 Qe7 30. Be1 Nd7 31. Bb4 Qf7 32. Nc1 Nxc1 33. Rxc1 Nb8 34. Bf3 Na6 35. Bh5 Qc7 36. Qd2 Rdc8 37. Kf2 b6 38. Rcb1 Rab8 39. Bd1 Be8 40. Rc2 Nc5 41. Bxc5 Qxc5 42. Qb4 Qc7 43. Ke1 Qa7 44. Qd2 Kh7 45. Rb4 b5 46. cxb5 Rxc2 47. Bxc2 Bxb5 48. Qd1 Be8 49. Rxb8 Qxb8 50. Bxa4 Bxa4 51. Qxa4 Qb1+ 52. Kd2 Qb2+ 53. Qc2 1/2-1/2

[Event "DPEM German Cup 2024"]
[Site "Bad Wildungen"]
[Date "2024.08.02"]
[Round "4.4"]
[White "Fink, Christian"]
[Black "Namyslo, Holger"]
[Result "1-0"]
[Annotator "ChessBase"]
[ECO "C01"]
[WhiteElo "2113"]
[BlackElo "2131"]
[PlyCount "81"]
[EventDate "2024.07.31"]
[EventCountry "GER"]
[SourceTitle "playchess.com"]
[Source "ChessBase"]
[SourceQuality "1"]
[TimeControl "40/5400+30:900+30"]

1. e4 e6 2. d4 d5 3. exd5 exd5 4. Qf3 Nc6 5. c3 Be6 6. Bd3 Qd7 7. h3 Nge7 8. Bf4 Ng6 9. Bg3 Be7 10. Nd2 O-O 11. Ne2 a6 12. Nf1 Bd6 13. Bxd6 Qxd6 14. h4 Nge7 15. Ne3 Rfe8 16. g4 Nc8 17. g5 b5 18. Ng3 Qf8 19. Nh5 N6e7 20. O-O-O Nd6 21. Rdg1 Ne4 22. Nf6+ gxf6 23. gxf6+ Kh8 24. fxe7 Qxe7 25. Bxe4 dxe4 26. Qg3 f6 27. d5 Rg8 28. Qf4 Rxg1+ 29. Rxg1 Rg8 30. Rd1 Bc8 31. Rd4 Re8 32. d6 cxd6 33. Rxd6 f5 34. h5 Qf7 35. h6 Qe7 36. Nd5 Qf7 37. Qe3 Be6 38. Qd4+ Kg8 39. Nf6+ Kf8 40. Nxe8 Kxe8 41. Qh8+ 1-0

[Event "DPEM German Cup 2024"]
[Site "Bad Wildungen"]
[Date "2024.08.02"]
[Round "4.6"]
[White "Matthaei, Jakob"]
[Black "Skabs, Denis"]
[Result "1-0"]
[Annotator "ChessBase"]
[ECO "A13"]
[WhiteElo "2055"]
[BlackElo "2096"]
[PlyCount "63"]
[EventDate "2024.07.31"]
[EventCountry "GER"]
[SourceTitle "playchess.com"]
[Source "ChessBase"]
[SourceQuality "1"]
[TimeControl "40/5400+30:900+30"]

1. c4 e6 2. g3 Nf6 3. Bg2 d5 4. Nf3 h6 5. O-O Bd6 6. b3 O-O 7. Bb2 b6 8. Nc3 Nbd7 9. cxd5 exd5 10. d4 Bb7 11. Rc1 a6 12. e3 Qe7 13. Re1 Qe6 14. Ne2 g5 15. Nc3 Nh7 16. e4 dxe4 17. d5 Qf6 18. Nd4 Be5 19. Nxe4 Qg6 20. Nc6 Bxc6 21. Rxc6 Qg7 22. Bxe5 Nxe5 23. Rxc7 Rad8 24. d6 Rd7 25. Qd5 Rfd8 26. Rec1 Nf8 27. Rxd7 Rxd7 28. Rc8 Neg6 29. Bh3 Nf4 30. gxf4 gxf4+ 31. Kf1 f3 32. Rxf8+ 1-0

[Event "DPEM German Cup 2024"]
[Site "Bad Wildungen"]
[Date "2024.08.02"]
[Round "4.7"]
[White "Windmueller, Simon"]
[Black "Foerch, Benedikt"]
[Result "1/2-1/2"]
[Annotator "ChessBase"]
[ECO "D78"]
[WhiteElo "1941"]
[BlackElo "2102"]
[PlyCount "55"]
[EventDate "2024.07.31"]
[EventCountry "GER"]
[SourceTitle "playchess.com"]
[Source "ChessBase"]
[SourceQuality "1"]
[TimeControl "40/5400+30:900+30"]

1. Nf3 Nf6 2. g3 g6 3. Bg2 Bg7 4. O-O O-O 5. c4 c6 6. d4 d5 7. Qa4 Nbd7 8. cxd5 cxd5 9. Nc3 e6 10. Bf4 Nb6 11. Qb3 Nc4 12. Ne5 Nxe5 13. Bxe5 b6 14. Rac1 Bb7 15. Rc2 Ne8 16. Bxg7 Kxg7 17. a4 Rc8 18. Rfc1 f5 19. a5 Nd6 20. axb6 axb6 21. Na4 Rxc2 22. Rxc2 Nc8 23. Nc5 Qe7 24. Nd3 Qd6 25. Qc3 Na7 26. Qc7+ Qxc7 27. Rxc7+ Rf7 28. Rc2 1/2-1/2

[Event "DPEM German Cup 2024"]
[Site "Bad Wildungen"]
[Date "2024.08.02"]
[Round "4.8"]
[White "Wickenfeld, Stefan"]
[Black "Kampmann, Heiko"]
[Result "1-0"]
[Annotator "ChessBase"]
[ECO "A14"]
[WhiteElo "2198"]
[BlackElo "2178"]
[PlyCount "115"]
[EventDate "2024.07.31"]
[EventCountry "GER"]
[SourceTitle "playchess.com"]
[Source "ChessBase"]
[SourceQuality "1"]
[TimeControl "40/5400+30:900+30"]

1. d4 d5 2. Nf3 Nf6 3. g3 e6 4. Bg2 Be7 5. O-O O-O 6. b3 b6 7. Bb2 Bb7 8. c4 Nbd7 9. cxd5 Nxd5 10. Nbd2 c5 11. e4 N5f6 12. Qe2 Rc8 13. Rfd1 cxd4 14. Nxd4 Qc7 15. Nc4 Ba6 16. Rac1 Qb8 17. e5 Bxc4 18. bxc4 Qxe5 19. Qxe5 Nxe5 20. Nxe6 fxe6 21. Bxe5 Rfd8 22. Bh3 Kf7 23. Rxd8 Bxd8 24. Bd6 Rc6 25. Bb8 Nd7 26. Bf4 Nc5 27. Rd1 Be7 28. Bb8 a5 29. Bg2 Rc8 30. Bf4 h6 31. Be3 Na4 32. Bf1 Nc5 33. Rb1 Bd8 34. Be2 Na4 35. Rc1 Be7 36. Bd1 Nc5 37. Rb1 Bd8 38. Bh5+ g6 39. Be2 h5 40. Kg2 Na4 41. Rb3 Nc5 42. Rb2 Na4 43. Rd2 Nc5 44. Rd4 Bc7 45. g4 e5 46. Rd5 Rd8 47. Rxd8 Bxd8 48. gxh5 Ne6 49. hxg6+ Kxg6 50. Bd3+ Kh5 51. Kf3 Ng5+ 52. Kg3 Ne6 53. Be2+ Kg6 54. Kg4 Nf4 55. Bf3 Bc7 56. Be4+ Kf6 57. h4 Ne6 58. h5 1-0

[Event "DPEM German Cup 2024"]
[Site "Bad Wildungen"]
[Date "2024.08.03"]
[Round "5.1"]
[White "Poetsch, Hagen"]
[Black "Ehmann, Thilo"]
[Result "1-0"]
[Annotator "ChessBase"]
[ECO "B90"]
[WhiteElo "2456"]
[BlackElo "2341"]
[PlyCount "82"]
[EventDate "2024.07.31"]
[EventCountry "GER"]
[SourceTitle "playchess.com"]
[Source "ChessBase"]
[SourceQuality "1"]
[TimeControl "40/5400+30:900+30"]

1. e4 c5 2. Nf3 d6 3. d4 cxd4 4. Nxd4 Nf6 5. Nc3 a6 6. h4 e5 7. Nb3 Be7 8. Be2 b5 9. a4 b4 10. Nd5 Bb7 11. Nxe7 Qxe7 12. f3 d5 13. Be3 dxe4 14. Bc5 Qe6 15. Na5 Bd5 16. fxe4 Bxe4 17. Nc4 Nbd7 18. Nd6+ Kd8 19. Bxb4 a5 20. Ba3 Bxg2 21. Bc4 Bd5 22. Bxd5 Nxd5 23. Qf3 f5 24. O-O-O e4 25. Qb3 Nf4 26. Qb5 e3 27. Nb7+ Ke8 28. Nc5 Rb8 29. Nxe6 Rxb5 30. Nxg7+ Kd8 31. axb5 Ne2+ 32. Kb1 f4 33. Rhe1 f3 34. Rxe2 fxe2 35. Re1 Rg8 36. Ne6+ Kc8 37. Rxe2 Rg3 38. Bc5 Nxc5 39. Nxc5 Kc7 40. c4 Rh3 41. Kc2 Rxh4 1-0

[Event "DPEM German Cup 2024"]
[Site "Bad Wildungen"]
[Date "2024.08.03"]
[Round "5.2"]
[White "Khachatryan, Taron"]
[Black "Fink, Christian"]
[Result "1-0"]
[Annotator "ChessBase"]
[ECO "E69"]
[WhiteElo "2221"]
[BlackElo "2113"]
[PlyCount "95"]
[EventDate "2024.07.31"]
[EventCountry "GER"]
[SourceTitle "playchess.com"]
[Source "ChessBase"]
[SourceQuality "1"]
[TimeControl "40/5400+30:900+30"]

1. Nf3 Nf6 2. d4 g6 3. c4 Bg7 4. Nc3 d6 5. g3 O-O 6. Bg2 Nbd7 7. O-O c6 8. e4 e5 9. h3 Qc7 10. Re1 Re8 11. Be3 a6 12. Rc1 b6 13. b4 Bb7 14. c5 bxc5 15. bxc5 exd4 16. cxd6 Qxd6 17. Bxd4 Qe7 18. e5 Nd5 19. Nxd5 cxd5 20. Rc7 Bc8 21. h4 Qd8 22. Rc2 Nf8 23. Rd2 Qa5 24. Qb3 Be6 25. Bb6 Qb5 26. Qe3 Rab8 27. Bd4 Rec8 28. h5 h6 29. hxg6 fxg6 30. Ba7 Rb7 31. Nd4 Qa5 32. Nxe6 Rxa7 33. Qxa7 Nxe6 34. Red1 Rc1 35. Qa8+ Kh7 36. Qxd5 Rxd1+ 37. Rxd1 Qa4 38. Kh2 Ng5 39. Re1 Qb4 40. Rd1 Qg4 41. f4 Qh5+ 42. Kg1 Nh3+ 43. Kf1 Qg4 44. Bxh3 Qxh3+ 45. Kf2 h5 46. Qf3 Qe6 47. Qd5 Qg4 48. Qd7 1-0

[Event "DPEM German Cup 2024"]
[Site "Bad Wildungen"]
[Date "2024.08.03"]
[Round "5.3"]
[White "Colpe, Malte"]
[Black "Matthaei, Jakob"]
[Result "1-0"]
[Annotator "ChessBase"]
[ECO "E11"]
[WhiteElo "2377"]
[BlackElo "2055"]
[PlyCount "153"]
[EventDate "2024.07.31"]
[EventCountry "GER"]
[SourceTitle "playchess.com"]
[Source "ChessBase"]
[SourceQuality "1"]
[TimeControl "40/5400+30:900+30"]

1. d4 Nf6 2. c4 e6 3. Nf3 Bb4+ 4. Nbd2 d5 5. Qa4+ Nc6 6. a3 Bxd2+ 7. Bxd2 Bd7 8. Qc2 Ne4 9. Bc1 Ne7 10. c5 a5 11. Ne5 Nc6 12. Nxc6 Bxc6 13. e3 a4 14. Bd3 f5 15. O-O O-O 16. f3 Nf6 17. Bd2 Qd7 18. Bb4 Rfe8 19. Qe2 g6 20. Rfe1 Re7 21. Qf2 Rf7 22. Rad1 Re8 23. Bc2 Qc8 24. Qg3 Qd8 25. Bc3 Nh5 26. Qe5 Nf6 27. Ba5 Qd7 28. Bb1 Ra8 29. Bc3 Re8 30. Ba2 Qc8 31. Rd2 Nd7 32. Qg3 Nf6 33. Qh4 Qd7 34. Rc1 Qe7 35. Rdd1 Nh5 36. Qxe7 Rfxe7 37. Be1 h6 38. Bb1 Kg7 39. h3 Nf6 40. Bg3 Kf7 41. Be5 Rc8 42. g4 Bb5 43. Kf2 Ree8 44. Rg1 Rg8 45. Bf4 Rh8 46. Rg2 h5 47. gxf5 exf5 48. Bc2 Rhg8 49. Ke1 Bc6 50. Kd2 Bb5 51. Kc3 c6 52. Kb4 Ra8 53. Rcg1 Nd7 54. e4 dxe4 55. fxe4 Nf6 56. Rf2 Ke6 57. d5+ Kf7 58. Bg5 Rae8 59. Bxf6 Kxf6 60. d6 Re5 61. Rxf5+ Rxf5 62. exf5 g5 63. Ka5 g4 64. hxg4 hxg4 65. Kb6 Rg7 66. Rg3 Be2 67. Re3 Bc4 68. Rg3 Be2 69. Be4 Kg5 70. Re3 Ba6 71. Bxc6 bxc6 72. Kxa6 Kxf5 73. Re7 Rg8 74. Kb7 g3 75. d7 g2 76. Re1 Rg7 77. Kxc6 1-0

[Event "DPEM German Cup 2024"]
[Site "Bad Wildungen"]
[Date "2024.08.03"]
[Round "5.4"]
[White "Cofmann, Veaceslav"]
[Black "Windmueller, Simon"]
[Result "1-0"]
[Annotator "ChessBase"]
[ECO "D80"]
[WhiteElo "2245"]
[BlackElo "1941"]
[PlyCount "99"]
[EventDate "2024.07.31"]
[EventCountry "GER"]
[SourceTitle "playchess.com"]
[Source "ChessBase"]
[SourceQuality "1"]
[TimeControl "40/5400+30:900+30"]

1. d4 Nf6 2. c4 g6 3. Bg5 Bg7 4. Nc3 d5 5. Bxf6 Bxf6 6. cxd5 c6 7. e4 cxd5 8. Bb5+ Bd7 9. Bxd7+ Qxd7 10. exd5 O-O 11. Nge2 Na6 12. Qb3 Rab8 13. Rd1 Rfd8 14. h4 Nc7 15. h5 Nxd5 16. hxg6 hxg6 17. Rd3 Nxc3 18. bxc3 Qd5 19. Rf3 Qxb3 20. axb3 b5 21. b4 Kg7 22. Ng3 a5 23. bxa5 b4 24. O-O bxc3 25. Rxc3 Rxd4 26. Ra3 Rd5 27. Ne4 Bb2 28. Ra2 Re5 29. Rb1 Rxe4 30. Rbxb2 Rxb2 31. Rxb2 Ra4 32. Rb5 f6 33. Kh2 Ra3 34. f4 Kf7 35. g4 Ra2+ 36. Kg3 Ra3+ 37. Kf2 Ra4 38. Ke3 Ra3+ 39. Kd4 Ra4+ 40. Kc5 e5 41. Rb7+ Ke8 42. Kb5 Ra1 43. a6 exf4 44. a7 f5 45. gxf5 g5 46. Rb8+ Ke7 47. a8=Q Rxa8 48. Rxa8 f3 49. Kc4 Kf6 50. Kd3 1-0

[Event "DPEM German Cup 2024"]
[Site "Bad Wildungen"]
[Date "2024.08.03"]
[Round "5.5"]
[White "Foerch, Benedikt"]
[Black "Wickenfeld, Stefan"]
[Result "1/2-1/2"]
[Annotator "ChessBase"]
[ECO "D11"]
[WhiteElo "2102"]
[BlackElo "2198"]
[PlyCount "86"]
[EventDate "2024.07.31"]
[EventCountry "GER"]
[SourceTitle "playchess.com"]
[Source "ChessBase"]
[SourceQuality "1"]
[TimeControl "40/5400+30:900+30"]

1. Nf3 Nf6 2. g3 d5 3. Bg2 Bf5 4. O-O e6 5. d4 Be7 6. c4 c6 7. Qb3 Qb6 8. c5 Qa6 9. Bf4 b6 10. cxb6 axb6 11. Rc1 O-O 12. Nc3 c5 13. Qb5 Ne4 14. Qxa6 Rxa6 15. Nxe4 Bxe4 16. Be3 Nd7 17. Ne5 Nxe5 18. Bxe4 Ng4 19. Bd3 c4 20. Bc2 Nxe3 21. fxe3 f5 22. a4 Bb4 23. Rd1 Rfa8 24. Rab1 b5 25. axb5 Ra2 26. Kf2 R8a5 27. g4 fxg4 28. e4 Rxb5 29. exd5 exd5 30. Bf5 Bd6 31. Bxg4 Bxh2 32. Be6+ Kh8 33. e4 Raxb2+ 34. Rxb2 Rxb2+ 35. Kf3 dxe4+ 36. Kxe4 Re2+ 37. Kf5 Rf2+ 38. Ke4 Rf4+ 39. Ke3 c3 40. Kd3 Rf3+ 41. Kc2 Re3 42. Bc4 Bd6 43. Bd3 g6 1/2-1/2

[Event "DPEM German Cup 2024"]
[Site "Bad Wildungen"]
[Date "2024.08.03"]
[Round "5.7"]
[White "Namyslo, Holger"]
[Black "Willim, Michael"]
[Result "1/2-1/2"]
[Annotator "RC"]
[ECO "B12"]
[WhiteElo "2131"]
[BlackElo "2083"]
[PlyCount "24"]
[EventDate "2024.07.31"]
[EventCountry "GER"]
[SourceTitle "playchess.com"]
[Source "ChessBase"]
[SourceQuality "1"]
[TimeControl "40/5400+30:900+30"]

1. e4 c6 2. d4 d5 3. e5 c5 4. dxc5 e6 5. a3 Bxc5 6. b4 Be7 7. Bd3 a5 8. Qg4 g6 9. bxa5 Qxa5+ 10. Bd2 Qc7 11. Nf3 Nd7 12. O-O Nc5 1/2-1/2

[Event "DPEM German Cup 2024"]
[Site "Bad Wildungen"]
[Date "2024.08.03"]
[Round "5.8"]
[White "Skabs, Denis"]
[Black "Junker, Reiner"]
[Result "1-0"]
[Annotator "ChessBase"]
[ECO "C00"]
[WhiteElo "2096"]
[BlackElo "2225"]
[PlyCount "43"]
[EventDate "2024.07.31"]
[EventCountry "GER"]
[SourceTitle "playchess.com"]
[Source "ChessBase"]
[SourceQuality "1"]
[TimeControl "40/5400+30:900+30"]

1. e4 e6 2. d3 d5 3. Qe2 Be7 4. Nf3 Nf6 5. g3 c5 6. Bg2 Nc6 7. O-O b5 8. exd5 exd5 9. d4 c4 10. c3 O-O 11. Ne5 Bb7 12. Bf4 Re8 13. Qf3 h6 14. h4 Qc8 15. Nd2 Qf5 16. Rfe1 g5 17. hxg5 hxg5 18. Nxc6 Bxc6 19. Re5 g4 20. Rxf5 gxf3 21. Bxf3 Red8 22. Re1 1-0